MapleLeafs vs Flames

Created - 29 mars 2019 at 21:59

Goals
1 2 3 T
MapleLeafs 0 1 2 3
Flames 0 2 0 2
Shots
1 2 3 T
MapleLeafs 2 11 14 27
Flames 14 15 10 39

1st period

No Goal

Penalties :
Mikhail Sergachev (TOR) for Hooking (Minor) at 7:15, Justin Faulk (CGY) for Cross-checking (Minor) at 9:45, Mikhail Sergachev (TOR) for Hooking (Minor) at 14:46, Jason Garrison (CGY) for Tripping (Minor) at 19:57

2nd period

1. MapleLeafs , Mikhail Sergachev 3 (Dmitry Kulikov 15, Nolan Patrick 15) at 0:50 (PP)
2. Flames , James van Riemsdyk 13 (Jared Spurgeon 41, Justin Faulk 39) at 14:42
3. Flames , Jared Spurgeon 10 (Viktor Arvidsson 14, Evgeni Malkin 33) at 18:58 (PP)

Penalties :
Mikhail Sergachev (TOR) for Hooking (Minor) at 9:55, Radko Gudas (TOR) for High sticking (Minor) at 18:06

3rd period

4. MapleLeafs , David Warsofsky 2 (Patrick Marleau 33, Travis Hamonic 23) at 4:38
5. MapleLeafs , Kyle Okposo 8 (Patrick Marleau 34, Dmitry Kulikov 16) at 5:25

Penalties :
Alec Martinez (CGY) for Roughing (Minor) at 2:36, Zack Kassian (TOR) for Goalie Interference (Minor) at 2:36, Radko Gudas (TOR) for Hooking (Minor) at 15:30

Goalie Stats

Antti Niemi (TOR), 37 saves from 39 shots - (0.949), W, 29-24-4, 60:00 minutes
Mike Smith (CGY), 24 saves from 27 shots - (0.889), L, 11-9-1, 60:00 minutes

Players Stats for MapleLeafs

Player Name              G  A  P  +/- PIM S  H  SB GA TA FO     MP     PP MP  PK MP  
------------------------------------------------------------------------------------
Alex DeBrincat           0  0  0   1  0   2  1  0  0  0  0/0    14:48   1:34   0:56 
Beau Bennett             0  0  0   0  0   1  0  0  0  0  0/2    10:36   0:00   0:17 
Cal Clutterbuck          0  0  0   0  0   4  1  0  0  0  0/1    10:19   0:00   0:00 
Craig Smith              0  0  0   1  0   2  1  0  0  0  1/2    17:04   1:34   2:40 
Curtis Lazar             0  0  0  -1  0   1  1  0  0  0  0/0     7:14   0:00   0:00 
David Warsofsky          1  0  1   1  0   1  0  0  0  0  0/0    15:56   0:00   3:57 
Dmitry Kulikov           0  2  2   1  0   0  0  1  0  0  0/0    23:19   1:04   4:27 
Jack Roslovic            0  0  0  -1  0   0  0  0  0  0  2/9     7:31   0:00   0:17 
Jamie Oleksiak           0  0  0   1  0   0  2  0  0  0  0/0    13:42   0:07   1:21 
Kyle Okposo              1  0  1   1  0   3  3  0  0  0  0/0    24:13   1:18   4:58 
Leo Komarov              0  0  0   1  0   1  6  1  0  0  0/0    21:09   1:18   2:37 
Mikhail Sergachev        1  0  1   1  6   1  4  0  0  0  0/0    18:47   1:04   0:46 
Nolan Patrick            0  1  1   1  0   4  2  0  0  0  10/18  13:52   1:34   0:00 
Patrick Marleau          0  2  2   1  0   1  0  0  0  0  13/41  24:13   1:18   4:58 
Peter Holland            0  0  0   0  0   0  0  1  0  0  6/16   11:03   0:00   0:56 
Radko Gudas              0  0  0  -1  4   1  1  2  0  0  0/0    23:15   1:41   2:15 
Travis Hamonic           0  1  1  -1  0   3  1  2  0  0  0/0    24:53   1:48   4:47 
Zack Kassian             0  0  0  -1  2   2  0  0  0  0  0/0     7:13   0:00   0:00 

Players Stats for Flames

Player Name              G  A  P  +/- PIM S  H  SB GA TA FO     MP     PP MP  PK MP  
------------------------------------------------------------------------------------
Alec Martinez            0  0  0  -2  2   2  0  1  0  0  0/0    20:01   4:02   1:13 
Artem Anisimov           0  0  0   0  0   0  0  0  0  0  1/2     1:46   0:00   0:00 
Brandon Sutter           0  0  0  -1  0   8  0  0  0  0  11/16  16:07   0:00   0:37 
David Kampf              0  0  0   0  0   2  0  0  0  0  0/0    16:34   3:33   0:00 
Derek Stepan             0  0  0   0  0   0  0  0  0  0  11/18  21:45   3:33   2:06 
Devante Smith-Pelly      0  0  0  -1  0   1  0  0  0  0  0/0    14:50   0:00   0:00 
Evgeni Malkin            0  1  1   0  0   5  1  0  0  0  32/49  25:19   5:15   2:06 
Haydn Fleury             0  0  0   0  0   0  0  0  0  0  0/0     1:58   0:00   0:09 
James van Riemsdyk       1  0  1   0  0   2  1  0  0  0  0/0    21:59   5:15   0:00 
Jared Spurgeon           1  1  2   1  0   5  0  0  0  0  0/0    24:51   4:46   1:39 
Jason Demers             0  0  0  -2  0   1  2  2  0  0  0/0    20:50   4:02   1:13 
Jason Garrison           0  0  0   0  2   0  1  0  0  0  0/0    13:24   0:00   0:55 
Jordan Martinook         0  0  0   0  0   2  2  0  0  0  0/0    16:34   3:33   0:00 
Justin Faulk             0  1  1   1  2   6  3  0  0  0  0/0    25:35   4:46   0:35 
Marc Staal               0  0  0   0  0   0  1  1  0  0  0/0    13:18   0:00   0:00 
Matthew Peca             0  0  0   0  0   0  0  0  0  0  0/0     1:51   0:00   0:00 
Nick Ritchie             0  0  0  -1  0   3  0  0  0  0  0/1    15:08   0:00   0:18 
Viktor Arvidsson         0  1  1   0  0   2  2  0  0  0  2/3    23:16   5:15   0:37 

3 Stars

1 - Antti Niemi (TOR)
2 - Kyle Okposo (TOR)
3 - Jared Spurgeon (CGY)

Power Play

MapleLeafs - 1 on 2 Attempt(s) - 50.00%
Flames - 1 on 5 Attempt(s) - 20.00%

Penalty Kill

MapleLeafs - 4 on 5 Attempt(s) - 80.00% - Score 0 goal in Penalty Kill
Flames - 1 on 2 Attempt(s) - 50.00% - Score 0 goal in Penalty Kill

Team Stat

MapleLeafs - Hits : 23 - Faceoff Wins : 32 - Blocked Shots : 7 - Penalty Minutes : 12
Flames - Hits : 13 - Faceoff Wins : 57 - Blocked Shots : 4 - Penalty Minutes : 6

Official

Referees : Frederick L'Ecuyer and Dan O'Halloran
Linesman : Bryan Pancich and Brian Mach

Game Notes

No Game Note

Finance

Level 1 -- Attendance: 6264 (96.37%) -- Ticket Income 626 400 $
Level 2 -- Attendance: 4907 (98.14%) -- Ticket Income 269 885 $
Level 3 -- Attendance: 3136 (89.60%) -- Ticket Income 125 440 $
Level 4 -- Attendance: 2932 (89.15%) -- Ticket Income 58 640 $
Luxury Box -- Attendance: 1000 (100.00%) -- Ticket Income 125 000 $
Game was played at the Scotiabank Saddledome.
Total Attendance: 18239 (94.56%)
Total Ticket Income: 1 205 365 $
Other Income: 590 629 $
Total Income: 1 795 994 $

% Time on Ice - MapleLeafs

Lines # - Real PCT - Wanted PCT - Time Play
Normal Forward
1 - 35% - 40% - 15:54
2 - 27% - 30% - 12:18
3 - 22% - 20% - 10:07
4 - 16% - 10% - 7:14
Normal Defense
1 - 37% - 40% - 16:56
2 - 35% - 30% - 16:10
3 - 26% - 20% - 11:59
4 - 1% - 10% - 0:28
PP Forward
1 - 45% - 60% - 1:18
2 - 55% - 40% - 1:34
PP Defense
1 - 63% - 60% - 1:48
2 - 37% - 40% - 1:04
PK Forward
1 - 70% - 60% - 6:11
2 - 30% - 40% - 2:37
PK Defense
1 - 54% - 60% - 4:47
2 - 46% - 40% - 4:01
PK3 Forward
1 - 0% - 60%
2 - 0% - 40%
PK3 Defense
1 - 0% - 60%
2 - 0% - 40%
44 Forward
1 - 73% - 60% - 1:27
2 - 27% - 40% - 0:32
44 Defense
1 - 58% - 60% - 1:09
2 - 42% - 40% - 0:50
Last Minute Offensive  - 0:00
Last Minute Defensive  - 0:48
Total
Forward - 60:00
Defense - 60:00

% Time on Ice - Flames

Lines # - Real PCT - Wanted PCT - Time Play
Normal Forward
1 - 35% - 40% - 15:48
2 - 29% - 30% - 13:01
3 - 33% - 20% - 14:50
4 - 4% - 10% - 1:46
Normal Defense
1 - 36% - 40% - 16:19
2 - 33% - 30% - 14:47
3 - 28% - 20% - 12:30
4 - 4% - 10% - 1:49
PP Forward
1 - 60% - 60% - 5:15
2 - 40% - 40% - 3:33
PP Defense
1 - 54% - 60% - 4:46
2 - 46% - 40% - 4:02
PK Forward
1 - 78% - 60% - 2:15
2 - 22% - 40% - 0:37
PK Defense
1 - 58% - 60% - 1:39
2 - 42% - 40% - 1:13
PK3 Forward
1 - 0% - 60%
2 - 0% - 40%
PK3 Defense
1 - 0% - 60%
2 - 0% - 40%
44 Forward
1 - 66% - 60% - 1:19
2 - 34% - 40% - 0:40
44 Defense
1 - 60% - 60% - 1:11
2 - 40% - 40% - 0:48
Last Minute Offensive  - 0:56
Last Minute Defensive  - 0:00
Total
Forward - 60:00
Defense - 60:00

Play-by-Play

1st period


0:01 of 1st period - Patrick Marleau wins face-off versus Evgeni Malkin in neutral zone.
0:03 of 1st period - Kyle Okposo is hit by Justin Faulk.
0:09 of 1st period - Shot by Leo Komarov.
0:09 of 1st period - Shot Hit the Post.
0:23 of 1st period - Leo Komarov is hit by Viktor Arvidsson.
0:29 of 1st period - Radko Gudas is hit by Evgeni Malkin and loses puck.
1:21 of 1st period - Shot by Derek Stepan.
1:21 of 1st period - Shot Blocked by Travis Hamonic.
2:06 of 1st period - Shot by Brandon Sutter.
2:06 of 1st period - Shot Misses the Net.
2:38 of 1st period - Shot by Evgeni Malkin.
2:38 of 1st period - Stopped by Antti Niemi without a rebound.
2:39 of 1st period - Nolan Patrick wins face-off versus Evgeni Malkin in MapleLeafs zone.
2:57 of 1st period - Icing by Jared Spurgeon.
2:58 of 1st period - Peter Holland wins face-off versus Evgeni Malkin in Flames zone.
3:24 of 1st period - Icing by Justin Faulk.
3:25 of 1st period - Evgeni Malkin wins face-off versus Nolan Patrick in Flames zone.
4:04 of 1st period - Shot by David Kampf.
4:04 of 1st period - Stopped by Antti Niemi without a rebound.
4:05 of 1st period - Brandon Sutter wins face-off versus Jack Roslovic in MapleLeafs zone.
4:16 of 1st period - Shot by Devante Smith-Pelly.
4:16 of 1st period - Shot Misses the Net.
4:18 of 1st period - Shot by Brandon Sutter.
4:18 of 1st period - Shot Misses the Net.
4:20 of 1st period - Shot by Nick Ritchie.
4:20 of 1st period - Stopped by Antti Niemi with a rebound.
4:32 of 1st period - Shot by Brandon Sutter.
4:32 of 1st period - Stopped by Antti Niemi without a rebound.
4:33 of 1st period - Derek Stepan wins face-off versus Peter Holland in MapleLeafs zone.
4:33 of 1st period - Justin Faulk is hit by Mikhail Sergachev and loses puck.
4:36 of 1st period - Shot by Jordan Martinook.
4:36 of 1st period - Stopped by Antti Niemi with a rebound.
4:38 of 1st period - Shot by Justin Faulk.
4:38 of 1st period - Stopped by Antti Niemi without a rebound.
4:39 of 1st period - Artem Anisimov wins face-off versus Peter Holland in MapleLeafs zone.
5:02 of 1st period - Evgeni Malkin is hit by Mikhail Sergachev and loses puck.
5:58 of 1st period - Shot by Brandon Sutter.
5:58 of 1st period - Stopped by Antti Niemi with a rebound.
6:06 of 1st period - Shot by Brandon Sutter.
6:06 of 1st period - Stopped by Antti Niemi with a rebound.
7:00 of 1st period - Off-side.
7:01 of 1st period - Derek Stepan wins face-off versus Patrick Marleau in neutral zone.
7:15 of 1st period - Minor Penalty to Mikhail Sergachev for Hooking.
7:16 of 1st period - Patrick Marleau wins face-off versus Evgeni Malkin in MapleLeafs zone.
7:34 of 1st period - Shot by Evgeni Malkin.
7:34 of 1st period - Deflect By James van Riemsdyk.
7:34 of 1st period - Stopped by Antti Niemi with a rebound.
7:38 of 1st period - Shot by Viktor Arvidsson.
7:38 of 1st period - Shot Misses the Net.
7:40 of 1st period - Shot by Alec Martinez.
7:40 of 1st period - Stopped by Antti Niemi without a rebound.
7:41 of 1st period - Derek Stepan wins face-off versus Patrick Marleau in MapleLeafs zone.
7:42 of 1st period - Shot by Justin Faulk.
7:42 of 1st period - Stopped by Antti Niemi with a rebound.
8:44 of 1st period - Icing by James van Riemsdyk.
8:45 of 1st period - Patrick Marleau wins face-off versus Evgeni Malkin in Flames zone.
8:48 of 1st period - Shot by Patrick Marleau.
8:48 of 1st period - Stopped by Mike Smith without a rebound.
8:49 of 1st period - Patrick Marleau wins face-off versus Evgeni Malkin in Flames zone.
9:45 of 1st period - Minor Penalty to Justin Faulk for Cross-checking.
9:46 of 1st period - Evgeni Malkin wins face-off versus Nolan Patrick in Flames zone.
10:19 of 1st period - Off-side.
10:20 of 1st period - Evgeni Malkin wins face-off versus Patrick Marleau in neutral zone.
11:37 of 1st period - Off-side.
11:38 of 1st period - Evgeni Malkin wins face-off versus Patrick Marleau in neutral zone.
12:13 of 1st period - Shot by Brandon Sutter.
12:13 of 1st period - Shot Misses the Net.
12:15 of 1st period - Shot by Justin Faulk.
12:15 of 1st period - Stopped by Antti Niemi without a rebound.
12:16 of 1st period - Jack Roslovic wins face-off versus Derek Stepan in MapleLeafs zone.
12:36 of 1st period - Off-side.
12:37 of 1st period - Viktor Arvidsson wins face-off versus Patrick Marleau in neutral zone.
13:13 of 1st period - Shot by Viktor Arvidsson.
13:13 of 1st period - Shot Misses the Net.
13:24 of 1st period - Icing by Radko Gudas.
13:25 of 1st period - Derek Stepan wins face-off versus Patrick Marleau in MapleLeafs zone.
14:35 of 1st period - Shot by Nolan Patrick.
14:35 of 1st period - Stopped by Mike Smith with a rebound.
14:46 of 1st period - Minor Penalty to Mikhail Sergachev for Hooking.
14:47 of 1st period - Evgeni Malkin wins face-off versus Peter Holland in MapleLeafs zone.
15:29 of 1st period - Icing by Jared Spurgeon.
15:30 of 1st period - Evgeni Malkin wins face-off versus Patrick Marleau in Flames zone.
15:55 of 1st period - Shot by Alec Martinez.
15:55 of 1st period - Shot Misses the Net.
15:57 of 1st period - Shot by Jason Demers.
15:57 of 1st period - Shot Blocked by Leo Komarov.
16:20 of 1st period - Icing by Jordan Martinook.
16:21 of 1st period - Derek Stepan wins face-off versus Patrick Marleau in Flames zone.
16:28 of 1st period - Off-side.
16:29 of 1st period - Evgeni Malkin wins face-off versus Patrick Marleau in neutral zone.
16:34 of 1st period - Shot by Viktor Arvidsson.
16:34 of 1st period - Stopped by Antti Niemi without a rebound.
16:35 of 1st period - Evgeni Malkin wins face-off versus Patrick Marleau in MapleLeafs zone.
16:52 of 1st period - Shot by Brandon Sutter.
16:52 of 1st period - Deflect By Nick Ritchie.
16:52 of 1st period - Stopped by Antti Niemi with a rebound.
17:29 of 1st period - Shot by Beau Bennett.
17:29 of 1st period - Shot Misses the Net.
17:44 of 1st period - Off-side.
17:45 of 1st period - Evgeni Malkin wins face-off versus Jack Roslovic in neutral zone.
17:45 of 1st period - Evgeni Malkin is hit by Curtis Lazar.
19:15 of 1st period - Alec Martinez is hit by Leo Komarov and loses puck.
19:44 of 1st period - Icing by Radko Gudas.
19:45 of 1st period - Nolan Patrick wins face-off versus Nick Ritchie in MapleLeafs zone.
19:49 of 1st period - Travis Hamonic is hit by Marc Staal and loses puck.
19:57 of 1st period - Minor Penalty to Jason Garrison for Tripping.
19:58 of 1st period - Nolan Patrick wins face-off versus Evgeni Malkin in Flames zone.
Goals for this period are 0 for MapleLeafs vs 0 for Flames.
Shots for this period are 2 for MapleLeafs vs 14 for Flames.

2nd period


0:01 of 2nd period - Evgeni Malkin wins face-off versus Patrick Marleau in neutral zone.
0:28 of 2nd period - Shot by Travis Hamonic.
0:28 of 2nd period - Stopped by Mike Smith without a rebound.
0:29 of 2nd period - Nolan Patrick wins face-off versus Evgeni Malkin in Flames zone.
0:50 of 2nd period - Shot by Mikhail Sergachev.
0:50 of 2nd period - Goal by Mikhail Sergachev - MapleLeafs : 1 - Flames : 0.
0:51 of 2nd period - Brandon Sutter wins face-off versus Peter Holland in neutral zone.
1:24 of 2nd period - Shot by Jason Demers.
1:24 of 2nd period - Stopped by Antti Niemi without a rebound.
1:25 of 2nd period - Evgeni Malkin wins face-off versus Patrick Marleau in MapleLeafs zone.
1:25 of 2nd period - Evgeni Malkin is hit by Travis Hamonic.
1:27 of 2nd period - Shot by James van Riemsdyk.
1:27 of 2nd period - Deflect By Evgeni Malkin.
1:27 of 2nd period - Stopped by Antti Niemi with a rebound.
1:51 of 2nd period - Shot by Leo Komarov.
1:51 of 2nd period - Shot Misses the Net.
1:53 of 2nd period - Shot by Travis Hamonic.
1:53 of 2nd period - Stopped by Mike Smith without a rebound.
1:54 of 2nd period - Nolan Patrick wins face-off versus Derek Stepan in Flames zone.
2:02 of 2nd period - Shot by Alex DeBrincat.
2:02 of 2nd period - Shot Misses the Net.
3:15 of 2nd period - Mikhail Sergachev is hit by Justin Faulk and loses puck.
3:27 of 2nd period - Icing by Justin Faulk.
3:28 of 2nd period - Brandon Sutter wins face-off versus Patrick Marleau in Flames zone.
3:45 of 2nd period - Alec Martinez is hit by Leo Komarov and loses puck.
3:56 of 2nd period - Shot by Viktor Arvidsson.
3:56 of 2nd period - Deflect By James van Riemsdyk.
3:56 of 2nd period - Shot Blocked by Radko Gudas.
4:16 of 2nd period - David Warsofsky is hit by James van Riemsdyk.
5:02 of 2nd period - Shot by David Kampf.
5:02 of 2nd period - Shot Blocked by Peter Holland.
5:44 of 2nd period - Shot by Jack Roslovic.
5:44 of 2nd period - Deflect By Curtis Lazar.
5:44 of 2nd period - Stopped by Mike Smith without a rebound.
5:45 of 2nd period - Evgeni Malkin wins face-off versus Patrick Marleau in Flames zone.
5:45 of 2nd period - Evgeni Malkin is hit by Leo Komarov.
5:54 of 2nd period - Icing by Dmitry Kulikov.
5:55 of 2nd period - Patrick Marleau wins face-off versus Artem Anisimov in MapleLeafs zone.
6:12 of 2nd period - Shot by Derek Stepan.
6:12 of 2nd period - Deflect By Evgeni Malkin.
6:12 of 2nd period - Shot Misses the Net.
6:34 of 2nd period - Shot by Derek Stepan.
6:34 of 2nd period - Deflect By Evgeni Malkin.
6:34 of 2nd period - Stopped by Antti Niemi with a rebound.
6:45 of 2nd period - Travis Hamonic is hit by Justin Faulk and loses puck.
7:31 of 2nd period - Shot by Zack Kassian.
7:31 of 2nd period - Stopped by Mike Smith with a rebound.
7:39 of 2nd period - Shot by Jack Roslovic.
7:39 of 2nd period - Shot Misses the Net.
7:56 of 2nd period - Icing by Mikhail Sergachev.
7:57 of 2nd period - Peter Holland wins face-off versus Brandon Sutter in MapleLeafs zone.
8:08 of 2nd period - Shot by Cal Clutterbuck.
8:08 of 2nd period - Stopped by Mike Smith without a rebound.
8:09 of 2nd period - Derek Stepan wins face-off versus Patrick Marleau in Flames zone.
8:18 of 2nd period - Jordan Martinook is hit by Leo Komarov and loses puck.
8:33 of 2nd period - Radko Gudas is hit by Jordan Martinook and loses puck.
9:19 of 2nd period - Icing by Alec Martinez.
9:20 of 2nd period - Peter Holland wins face-off versus Brandon Sutter in Flames zone.
9:20 of 2nd period - Peter Holland is hit by Jason Demers.
9:54 of 2nd period - Icing by Cal Clutterbuck.
9:55 of 2nd period - Viktor Arvidsson wins face-off versus Peter Holland in MapleLeafs zone.
9:55 of 2nd period - Minor Penalty to Mikhail Sergachev for Hooking.
9:56 of 2nd period - Evgeni Malkin wins face-off versus Patrick Marleau in MapleLeafs zone.
10:09 of 2nd period - Shot by Jared Spurgeon.
10:09 of 2nd period - Stopped by Antti Niemi with a rebound.
10:51 of 2nd period - Icing by Jason Demers.
10:52 of 2nd period - Derek Stepan wins face-off versus Patrick Marleau in Flames zone.
10:52 of 2nd period - Derek Stepan is hit by Kyle Okposo.
11:26 of 2nd period - Shot by Derek Stepan.
11:26 of 2nd period - Shot Misses the Net.
11:28 of 2nd period - Shot by David Kampf.
11:28 of 2nd period - Stopped by Antti Niemi without a rebound.
11:29 of 2nd period - Evgeni Malkin wins face-off versus Craig Smith in MapleLeafs zone.
12:05 of 2nd period - Zack Kassian is hit by Jason Garrison and loses puck.
12:12 of 2nd period - Shot by Nick Ritchie.
12:12 of 2nd period - Stopped by Antti Niemi with a rebound.
12:53 of 2nd period - Shot by Cal Clutterbuck.
12:53 of 2nd period - Stopped by Mike Smith with a rebound.
12:55 of 2nd period - Shot by Peter Holland.
12:55 of 2nd period - Shot Misses the Net.
12:59 of 2nd period - Shot by Peter Holland.
12:59 of 2nd period - Shot Misses the Net.
13:46 of 2nd period - Alec Martinez is hit by Craig Smith and loses puck.
13:55 of 2nd period - Shot by Nolan Patrick.
13:55 of 2nd period - Deflect By Alex DeBrincat.
13:55 of 2nd period - Stopped by Mike Smith with a rebound.
13:57 of 2nd period - Shot by Radko Gudas.
13:57 of 2nd period - Stopped by Mike Smith without a rebound.
13:58 of 2nd period - Evgeni Malkin wins face-off versus Patrick Marleau in Flames zone.
13:58 of 2nd period - Evgeni Malkin is hit by Kyle Okposo.
14:10 of 2nd period - Shot by Viktor Arvidsson.
14:10 of 2nd period - Stopped by Antti Niemi without a rebound.
14:11 of 2nd period - Evgeni Malkin wins face-off versus Jack Roslovic in MapleLeafs zone.
14:24 of 2nd period - Shot by Evgeni Malkin.
14:24 of 2nd period - Stopped by Antti Niemi with a rebound.
14:26 of 2nd period - Shot by Jared Spurgeon.
14:26 of 2nd period - Deflect By James van Riemsdyk.
14:26 of 2nd period - Shot Misses the Net.
14:28 of 2nd period - Shot by Justin Faulk.
14:28 of 2nd period - Stopped by Antti Niemi with a rebound.
14:30 of 2nd period - Shot by Viktor Arvidsson.
14:30 of 2nd period - Shot Misses the Net.
14:32 of 2nd period - Shot by Justin Faulk.
14:32 of 2nd period - Shot Misses the Net.
14:42 of 2nd period - Shot by James van Riemsdyk.
14:42 of 2nd period - Goal by James van Riemsdyk - MapleLeafs : 1 - Flames : 1.
14:43 of 2nd period - Brandon Sutter wins face-off versus Patrick Marleau in neutral zone.
14:46 of 2nd period - Shot by Devante Smith-Pelly.
14:46 of 2nd period - Shot Misses the Net.
14:48 of 2nd period - Shot by Nick Ritchie.
14:48 of 2nd period - Shot Misses the Net.
14:50 of 2nd period - Shot by Devante Smith-Pelly.
14:50 of 2nd period - Stopped by Antti Niemi without a rebound.
14:51 of 2nd period - Patrick Marleau wins face-off versus Brandon Sutter in MapleLeafs zone.
15:09 of 2nd period - Off-side.
15:10 of 2nd period - Evgeni Malkin wins face-off versus Nolan Patrick in neutral zone.
15:12 of 2nd period - Off-side.
15:13 of 2nd period - Evgeni Malkin wins face-off versus Nolan Patrick in neutral zone.
15:30 of 2nd period - Shot by Viktor Arvidsson.
15:30 of 2nd period - Shot Misses the Net.
16:15 of 2nd period - Evgeni Malkin is hit by Mikhail Sergachev and loses puck.
16:27 of 2nd period - Icing by Jared Spurgeon.
16:28 of 2nd period - Peter Holland wins face-off versus Evgeni Malkin in Flames zone.
16:33 of 2nd period - Shot by Cal Clutterbuck.
16:33 of 2nd period - Shot Misses the Net.
16:38 of 2nd period - Icing by Viktor Arvidsson.
16:39 of 2nd period - Evgeni Malkin wins face-off versus Jack Roslovic in Flames zone.
17:36 of 2nd period - Icing by David Warsofsky.
17:37 of 2nd period - Brandon Sutter wins face-off versus Jack Roslovic in MapleLeafs zone.
17:40 of 2nd period - Shot by Brandon Sutter.
17:40 of 2nd period - Stopped by Antti Niemi with a rebound.
18:06 of 2nd period - Minor Penalty to Radko Gudas for High sticking.
18:07 of 2nd period - Derek Stepan wins face-off versus Patrick Marleau in MapleLeafs zone.
18:08 of 2nd period - Shot by Alec Martinez.
18:08 of 2nd period - Stopped by Antti Niemi without a rebound.
18:09 of 2nd period - Patrick Marleau wins face-off versus Derek Stepan in MapleLeafs zone.
18:36 of 2nd period - Off-side.
18:37 of 2nd period - Patrick Marleau wins face-off versus Evgeni Malkin in neutral zone.
18:56 of 2nd period - Shot by Jared Spurgeon.
18:56 of 2nd period - Stopped by Antti Niemi with a rebound.
18:58 of 2nd period - Shot by Jared Spurgeon.
18:58 of 2nd period - Goal by Jared Spurgeon - MapleLeafs : 1 - Flames : 2.
18:59 of 2nd period - Brandon Sutter wins face-off versus Nolan Patrick in neutral zone.
18:59 of 2nd period - Devante Smith-Pelly is hit by Nolan Patrick and loses puck.
19:16 of 2nd period - Shot by Craig Smith.
19:16 of 2nd period - Shot Misses the Net.
19:20 of 2nd period - Shot by Nolan Patrick.
19:20 of 2nd period - Stopped by Mike Smith without a rebound.
19:21 of 2nd period - Evgeni Malkin wins face-off versus Peter Holland in Flames zone.
19:21 of 2nd period - Evgeni Malkin is hit by Cal Clutterbuck.
19:40 of 2nd period - Evgeni Malkin is hit by Jamie Oleksiak and loses puck.
19:47 of 2nd period - Shot by Beau Bennett.
19:47 of 2nd period - Shot Misses the Net.
19:51 of 2nd period - Shot by Cal Clutterbuck.
19:51 of 2nd period - Stopped by Mike Smith with a rebound.
19:53 of 2nd period - Shot by Peter Holland.
19:53 of 2nd period - Shot Misses the Net.
Goals for this period are 1 for MapleLeafs vs 2 for Flames.
Shots for this period are 11 for MapleLeafs vs 15 for Flames.

3rd period


0:01 of 3rd period - Patrick Marleau wins face-off versus Evgeni Malkin in neutral zone.
0:26 of 3rd period - Shot by Kyle Okposo.
0:26 of 3rd period - Shot Misses the Net.
0:55 of 3rd period - Shot by Jordan Martinook.
0:55 of 3rd period - Shot Misses the Net.
1:19 of 3rd period - Shot by Jordan Martinook.
1:19 of 3rd period - Shot Blocked by Radko Gudas.
1:21 of 3rd period - Shot by Jordan Martinook.
1:21 of 3rd period - Stopped by Antti Niemi without a rebound.
1:22 of 3rd period - Nolan Patrick wins face-off versus Brandon Sutter in MapleLeafs zone.
1:45 of 3rd period - Shot by Devante Smith-Pelly.
1:45 of 3rd period - Shot Misses the Net.
1:47 of 3rd period - Shot by Nick Ritchie.
1:47 of 3rd period - Shot Misses the Net.
1:49 of 3rd period - Shot by Brandon Sutter.
1:49 of 3rd period - Stopped by Antti Niemi without a rebound.
1:50 of 3rd period - Peter Holland wins face-off versus Evgeni Malkin in MapleLeafs zone.
2:07 of 3rd period - Shot by Evgeni Malkin.
2:07 of 3rd period - Stopped by Antti Niemi without a rebound.
2:08 of 3rd period - Derek Stepan wins face-off versus Jack Roslovic in MapleLeafs zone.
2:08 of 3rd period - Alec Martinez is hit by Mikhail Sergachev.
2:36 of 3rd period - Minor Penalty to Alec Martinez for Roughing.
2:36 of 3rd period - Minor Penalty to Zack Kassian for Goalie Interference.
2:37 of 3rd period - Evgeni Malkin wins face-off versus Patrick Marleau in Flames zone.
2:37 of 3rd period - Evgeni Malkin is hit by Kyle Okposo.
3:43 of 3rd period - Shot by Leo Komarov.
3:43 of 3rd period - Deflect By Craig Smith.
3:43 of 3rd period - Shot Misses the Net.
3:45 of 3rd period - Shot by Leo Komarov.
3:45 of 3rd period - Shot Blocked by Marc Staal.
3:47 of 3rd period - Shot by Dmitry Kulikov.
3:47 of 3rd period - Shot Misses the Net.
3:49 of 3rd period - Shot by Leo Komarov.
3:49 of 3rd period - Shot Misses the Net.
3:51 of 3rd period - Shot by Leo Komarov.
3:51 of 3rd period - Shot Misses the Net.
3:53 of 3rd period - Shot by Dmitry Kulikov.
3:53 of 3rd period - Shot Misses the Net.
4:01 of 3rd period - Shot by Craig Smith.
4:01 of 3rd period - Stopped by Mike Smith without a rebound.
4:02 of 3rd period - Evgeni Malkin wins face-off versus Cal Clutterbuck in Flames zone.
4:09 of 3rd period - Shot by Evgeni Malkin.
4:09 of 3rd period - Shot Blocked by Dmitry Kulikov.
4:11 of 3rd period - Shot by Justin Faulk.
4:11 of 3rd period - Shot Misses the Net.
4:13 of 3rd period - Shot by Jared Spurgeon.
4:13 of 3rd period - Stopped by Antti Niemi without a rebound.
4:14 of 3rd period - Patrick Marleau wins face-off versus Evgeni Malkin in MapleLeafs zone.
4:21 of 3rd period - Shot by Patrick Marleau.
4:21 of 3rd period - Deflect By Kyle Okposo.
4:21 of 3rd period - Stopped by Mike Smith without a rebound.
4:22 of 3rd period - Craig Smith wins face-off versus Evgeni Malkin in Flames zone.
4:23 of 3rd period - Shot by Leo Komarov.
4:23 of 3rd period - Stopped by Mike Smith without a rebound.
4:24 of 3rd period - Evgeni Malkin wins face-off versus Patrick Marleau in Flames zone.
4:26 of 3rd period - Icing by Jared Spurgeon.
4:27 of 3rd period - Evgeni Malkin wins face-off versus Patrick Marleau in Flames zone.
4:34 of 3rd period - Shot by Patrick Marleau.
4:34 of 3rd period - Shot Misses the Net.
4:36 of 3rd period - Shot by Patrick Marleau.
4:36 of 3rd period - Shot Misses the Net.
4:38 of 3rd period - Shot by David Warsofsky.
4:38 of 3rd period - Goal by David Warsofsky - MapleLeafs : 2 - Flames : 2.
4:39 of 3rd period - Brandon Sutter wins face-off versus Nolan Patrick in neutral zone.
4:51 of 3rd period - Shot by Brandon Sutter.
4:51 of 3rd period - Shot Misses the Net.
4:53 of 3rd period - Shot by Justin Faulk.
4:53 of 3rd period - Stopped by Antti Niemi without a rebound.
4:54 of 3rd period - Evgeni Malkin wins face-off versus Beau Bennett in MapleLeafs zone.
5:04 of 3rd period - Icing by Jason Demers.
5:05 of 3rd period - Patrick Marleau wins face-off versus Evgeni Malkin in Flames zone.
5:10 of 3rd period - Shot by Dmitry Kulikov.
5:10 of 3rd period - Shot Misses the Net.
5:12 of 3rd period - Shot by Dmitry Kulikov.
5:12 of 3rd period - Shot Blocked by Jason Demers.
5:14 of 3rd period - Shot by Patrick Marleau.
5:14 of 3rd period - Shot Misses the Net.
5:16 of 3rd period - Shot by Patrick Marleau.
5:16 of 3rd period - Shot Blocked by Alec Martinez.
5:18 of 3rd period - Shot by Kyle Okposo.
5:18 of 3rd period - Shot Misses the Net.
5:23 of 3rd period - Shot by Kyle Okposo.
5:23 of 3rd period - Shot Blocked by Jason Demers.
5:25 of 3rd period - Shot by Kyle Okposo.
5:25 of 3rd period - Goal by Kyle Okposo - MapleLeafs : 3 - Flames : 2.
5:26 of 3rd period - Derek Stepan wins face-off versus Nolan Patrick in neutral zone.
5:26 of 3rd period - Derek Stepan is hit by Nolan Patrick.
5:53 of 3rd period - Shot by Alex DeBrincat.
5:53 of 3rd period - Stopped by Mike Smith without a rebound.
5:54 of 3rd period - Evgeni Malkin wins face-off versus Patrick Marleau in Flames zone.
5:54 of 3rd period - Evgeni Malkin is hit by Leo Komarov.
5:59 of 3rd period - Off-side.
6:00 of 3rd period - Patrick Marleau wins face-off versus Evgeni Malkin in neutral zone.
6:24 of 3rd period - Shot by Kyle Okposo.
6:24 of 3rd period - Stopped by Mike Smith without a rebound.
6:25 of 3rd period - Nolan Patrick wins face-off versus Derek Stepan in Flames zone.
6:28 of 3rd period - Shot by Alex DeBrincat.
6:28 of 3rd period - Shot Misses the Net.
7:00 of 3rd period - Shot by Jared Spurgeon.
7:00 of 3rd period - Stopped by Antti Niemi without a rebound.
7:01 of 3rd period - Evgeni Malkin wins face-off versus Patrick Marleau in MapleLeafs zone.
7:07 of 3rd period - Shot by Viktor Arvidsson.
7:07 of 3rd period - Shot Misses the Net.
7:19 of 3rd period - Shot by Viktor Arvidsson.
7:19 of 3rd period - Shot Misses the Net.
7:35 of 3rd period - Shot by Evgeni Malkin.
7:35 of 3rd period - Shot Misses the Net.
8:01 of 3rd period - Shot by Brandon Sutter.
8:01 of 3rd period - Stopped by Antti Niemi without a rebound.
8:02 of 3rd period - Nolan Patrick wins face-off versus Derek Stepan in MapleLeafs zone.
8:13 of 3rd period - Shot by Alex DeBrincat.
8:13 of 3rd period - Shot Misses the Net.
8:27 of 3rd period - Travis Hamonic is hit by Jordan Martinook and loses puck.
9:11 of 3rd period - Off-side.
9:12 of 3rd period - Evgeni Malkin wins face-off versus Peter Holland in neutral zone.
9:17 of 3rd period - Beau Bennett is hit by Viktor Arvidsson and loses puck.
9:34 of 3rd period - Off-side.
9:35 of 3rd period - Brandon Sutter wins face-off versus Patrick Marleau in neutral zone.
9:56 of 3rd period - Shot by Brandon Sutter.
9:56 of 3rd period - Stopped by Antti Niemi without a rebound.
9:57 of 3rd period - Peter Holland wins face-off versus Evgeni Malkin in MapleLeafs zone.
10:03 of 3rd period - Icing by Jamie Oleksiak.
10:04 of 3rd period - Evgeni Malkin wins face-off versus Peter Holland in MapleLeafs zone.
10:07 of 3rd period - Shot by Justin Faulk.
10:07 of 3rd period - Stopped by Antti Niemi without a rebound.
10:08 of 3rd period - Evgeni Malkin wins face-off versus Patrick Marleau in MapleLeafs zone.
10:09 of 3rd period - Shot by Jared Spurgeon.
10:09 of 3rd period - Deflect By James van Riemsdyk.
10:09 of 3rd period - Shot Misses the Net.
11:20 of 3rd period - Shot by Derek Stepan.
11:20 of 3rd period - Shot Misses the Net.
12:06 of 3rd period - Icing by Jason Garrison.
12:07 of 3rd period - Nolan Patrick wins face-off versus Brandon Sutter in Flames zone.
12:17 of 3rd period - Nick Ritchie is hit by Radko Gudas and loses puck.
12:24 of 3rd period - Shot by Brandon Sutter.
12:24 of 3rd period - Stopped by Antti Niemi without a rebound.
12:25 of 3rd period - Evgeni Malkin wins face-off versus Peter Holland in MapleLeafs zone.
12:58 of 3rd period - Shot by David Warsofsky.
12:58 of 3rd period - Shot Misses the Net.
13:00 of 3rd period - Shot by Cal Clutterbuck.
13:00 of 3rd period - Stopped by Mike Smith with a rebound.
13:34 of 3rd period - Shot by Nolan Patrick.
13:34 of 3rd period - Stopped by Mike Smith without a rebound.
13:35 of 3rd period - Jack Roslovic wins face-off versus Derek Stepan in Flames zone.
13:36 of 3rd period - Shot by Travis Hamonic.
13:36 of 3rd period - Stopped by Mike Smith without a rebound.
13:37 of 3rd period - Derek Stepan wins face-off versus Jack Roslovic in Flames zone.
13:49 of 3rd period - Icing by David Kampf.
13:50 of 3rd period - Nolan Patrick wins face-off versus Derek Stepan in Flames zone.
14:04 of 3rd period - Alex DeBrincat is hit by Jason Demers and loses puck.
14:11 of 3rd period - Shot by Craig Smith.
14:11 of 3rd period - Shot Misses the Net.
14:13 of 3rd period - Shot by Nolan Patrick.
14:13 of 3rd period - Stopped by Mike Smith with a rebound.
14:19 of 3rd period - Shot by Craig Smith.
14:19 of 3rd period - Stopped by Mike Smith without a rebound.
14:20 of 3rd period - Evgeni Malkin wins face-off versus Peter Holland in Flames zone.
14:27 of 3rd period - Shot by Jared Spurgeon.
14:27 of 3rd period - Shot Blocked by Travis Hamonic.
14:45 of 3rd period - Shot by Beau Bennett.
14:45 of 3rd period - Stopped by Mike Smith without a rebound.
14:46 of 3rd period - Brandon Sutter wins face-off versus Patrick Marleau in Flames zone.
14:46 of 3rd period - Brandon Sutter is hit by Leo Komarov.
15:20 of 3rd period - Icing by Devante Smith-Pelly.
15:21 of 3rd period - Brandon Sutter wins face-off versus Nolan Patrick in Flames zone.
15:21 of 3rd period - Brandon Sutter is hit by Alex DeBrincat.
15:30 of 3rd period - Minor Penalty to Radko Gudas for Hooking.
15:31 of 3rd period - Patrick Marleau wins face-off versus Viktor Arvidsson in MapleLeafs zone.
17:24 of 3rd period - Shot by Evgeni Malkin.
17:24 of 3rd period - Shot Misses the Net.
17:44 of 3rd period - Shot by Zack Kassian.
17:44 of 3rd period - Stopped by Mike Smith without a rebound.
17:45 of 3rd period - Brandon Sutter wins face-off versus Beau Bennett in Flames zone.
18:14 of 3rd period - Shot by Radko Gudas.
18:14 of 3rd period - Shot Misses the Net.
18:24 of 3rd period - Shot by Jack Roslovic.
18:24 of 3rd period - Deflect By Curtis Lazar.
18:24 of 3rd period - Shot Misses the Net.
18:39 of 3rd period - Shot by Zack Kassian.
18:39 of 3rd period - Shot Misses the Net.
18:51 of 3rd period - Shot by Zack Kassian.
18:51 of 3rd period - Shot Misses the Net.
18:58 of 3rd period - Devante Smith-Pelly is hit by Jamie Oleksiak and loses puck.
Goals for this period are 2 for MapleLeafs vs 0 for Flames.
Shots for this period are 14 for MapleLeafs vs 10 for Flames.